 Dungeon Crawl Stone Soup version 0.18.1-8-gdd0e5ea (webtiles) character file.

1228 Hipnos the Geomancer (level 8, -4/41 HPs)
             Began as a Gargoyle Earth Elementalist on May 31, 2016.
             Was a Believer of Vehumet.
             Slain by an orc warrior
             ... wielding a +0 battleaxe
              (18 damage)
             ... on level 6 of the Dungeon.
             The game lasted 00:25:29 (5818 turns).

Hipnos the Geomancer (Gargoyle Earth Elementalist)  Turns: 5818, Time: 00:25:30

Health: -4/41      AC:  9    Str:  9 (12) XL:     8   Next: 48%
Magic:  13/16      EV: 12    Int: 17 (18) God:    Vehumet [**....]
Gold:   249        SH:  0    Dex:  8 (10) Spells: 5 memorised, 3 levels left

rFire  . . .     SeeInvis .     (no weapon)
rCold  . . .     Gourm    .     f - +0 robe (curse)
rNeg   + . .     Faith    .     (no shield)
rPois  ∞         Spirit   .     (no helmet)
rElec  +         Dismiss  .     e - +0 cloak
rCorr  .         Reflect  .     (no gloves)
SustAt .         Harm     .     E - +0 pair of boots
MR     .....                    (no amulet)
Stlth  ++........               (no ring)
                                (no ring)

@: not resistant to hostile enchantments, unstealthy
A: negative energy resistance 1, electricity resistance, unbreathing,
petrification resistance, rot immunity, AC +5
a: Renounce Religion


You were on level 6 of the Dungeon.
You worshipped Vehumet.
Vehumet was pleased with you.
You were hungry.

You visited 1 branch of the dungeon, and saw 6 of its levels.

You collected 249 gold pieces.

Inventory:

Hand Weapons
 b - a +1 whip
Armour
 a - a +0 robe
 e - a +0 cloak (worn)
 f - a cursed +0 robe (worn)
 r - a +0 robe
 t - a cursed +0 ring mail
 B - the +0 ring mail "Giarchuz" {*Corrode rC- Regen+ Slay+5}
   (You found it on level 4 of the Dungeon)

   It affects your accuracy and damage with ranged weapons and melee attacks
   (+5).
   It makes you vulnerable to cold.
   It increases your rate of regeneration.
   It may corrode you when you take damage.
 E - a +0 pair of boots (worn)
Wands
 y - a wand of hasting (3/9)
Scrolls
 g - a scroll of fog
 m - a scroll of enchant weapon
 u - 2 scrolls of amnesia {unknown}
 x - a scroll of magic mapping {unknown}
 A - a scroll of remove curse
 D - a scroll of fear {unknown}
 F - a scroll of recharging {unknown}
Potions
 h - 3 potions of flight
 i - 2 potions of degeneration
 k - a potion of ambrosia {unknown}
 n - 2 potions of lignification {unknown}
 s - a potion of mutation {unknown}
 v - a potion of curing {unknown}
 z - a potion of berserk rage
 C - a potion of agility
 G - a potion of haste {unknown}
Books
 c - a book of Geomancy

   Spells                             Type                      Level
   a - Sandblast                      Earth                        1
   b - Passwall                       Transmutation/Earth          2
   c - Stone Arrow                    Conjuration/Earth            3
   d - Petrify                        Transmutation/Earth          4
   e - Lee's Rapid Deconstruction     Earth                        5
Comestibles
 d - 7 bread rations
 j - 3 meat rations
 l - a beef jerky
 o - 4 fruits
 p - 6 chunks of flesh
 q - 2 slices of pizza


   Skills:
 + Level 0.2 Armour
 + Level 2.3 Dodging
 - Level 2.1 Stealth
 + Level 5.7 Spellcasting
 - Level 0.2 Conjurations
 - Level 0.7 Transmutations
 * Level 9.7 Earth Magic


You had 3 spell levels left.
You knew the following spells:

 Your Spells              Type           Power        Failure   Level  Hunger
a - Sandblast             Erth           #####.       1%          1    None
b - Passwall              Trmt/Erth      ###.......   2%          2    #......
c - Stone Arrow           Conj/Erth      ###...       8%          3    ##.....
d - Petrify               Trmt/Erth      ###.....     17%         4    ####...
e - Lee's Rapid Deconstr  Erth           #####.....   10%         5    ######.


Dungeon Overview and Level Annotations

Branches:
Dungeon (6/15)             Temple (0/1) D:6

Altars:
Cheibriados
Kikubaaqudgha
Makhleb
Nemelex Xobeh
Trog
Vehumet
Xom
Yredelemnul

Annotations:
D:3 Rationalist's ghost, amateur MiBe
D:4 Rationalist's ghost, amateur MiBe


Innate Abilities, Weirdness & Mutations

You are resistant to torment.
Your stone body is resilient (AC +5).
You are immune to poison.
You resist negative energy.
You are resistant to electric shocks.
You can survive without breathing.
You are immune to petrification.
You are immune to rotting.


Message History

You see here a leather armour.
Found a stone staircase leading up.
Casting: Petrify
Confirm with . or Enter, or press ? or * to list all spells.
Aiming: Sandblast
Press: ? - help, Shift-Dir - straight line, f/p - orc warrior
Aim: an orc warrior, wielding a battleaxe and wearing a chain mail (moderately wounded)
The blast of sand hits the orc warrior.
The orc warrior is moderately wounded.
The orc warrior hits you with a battleaxe!
Drink which item? (? for menu, Esc to quit)
Okay, then.
Wield which item (- for none, * to show all)? (? for menu, Esc to quit)
Okay, then.
Drink which item? (? for menu, Esc to quit)
It was a potion of degeneration.
There was something very wrong with that liquid.
You feel weakened.
You feel dopey.
You feel clumsy.
The orc warrior hits you with a battleaxe!!
You die...

##'####.#########..<..########.>.
....###'## #.##♣.♣##.#.......%
....#....# #..#####..+........
...)')...# #<........#.÷....).
....#....# +....... #........
....###.## ##+#...... ##.bb.##.
#######.##.#.......#######....##.
...........#.......#.............
...........#....@..#.............
...........#....o..#.............
.....#######.......#.############
.....##....#.....###.#
####+##....#.....[)).#
##...##....#.....#...#
...........#.....#...#
...........#.....#...#
...........#.....#####


You could see an orc warrior.

Vanquished Creatures
  Sigmund (D:2)
  An orc warrior (D:6)
  A phantom (D:5)
  A giant frog (D:6)
  3 scorpions
  A jelly (D:6)
  A crimson imp (D:5)
  2 hounds (D:5)
  A centaur zombie (D:5)
  An orc priest (D:6)
  An iguana (D:4)
  4 orc wizards
  2 worker ants (D:4)
  A hound zombie (D:5)
  A hound skeleton (D:6)
  Robin (D:2)
  A gnoll (D:3)
  5 adders
  3 oozes
  3 worms
  5 dart slugs
  3 giant geckos
  30 orcs
  2 ball pythons
  18 bats
  2 giant cockroaches (D:1)
  17 goblins
  12 hobgoblins
  10 jackals
  3 quokkas
  A giant gecko skeleton (D:4)
  4 giant newts
  10 kobolds
  10 rats
162 creatures vanquished.

Vanquished Creatures (others)
  A human (D:5)
1 creature vanquished.

Grand Total: 163 creatures vanquished

Notes
Turn   | Place    | Note
--------------------------------------------------------------
     0 | D:1      | Hipnos the Gargoyle Earth Elementalist began the quest for the Orb.
     0 | D:1      | Reached XP level 1. HP: 10/10 MP: 3/3
   140 | D:1      | Reached skill level 4 in Earth Magic
   154 | D:1      | Reached XP level 2. HP: 14/15 MP: 1/5
   409 | D:1      | Reached XP level 3. HP: 19/19 MP: 2/6
  1093 | D:2      | Reached skill level 5 in Earth Magic
  1093 | D:2      | Reached XP level 4. HP: 22/24 MP: 5/8
  1127 | D:2      | Noticed Robin
  1133 | D:2      | Killed Robin
  1753 | D:2      | Noticed Sigmund
  1763 | D:2      | Killed Sigmund
  1763 | D:2      | Reached skill level 6 in Earth Magic
  1763 | D:2      | Reached XP level 5. HP: 28/28 MP: 4/10
  1763 | D:2      | Reached XP level 6. HP: 32/32 MP: 4/11
  2000 | D:2      | Found a burning altar of Makhleb.
  2000 | D:2      | Found a radiant altar of Vehumet.
  2009 | D:2      | Became a worshipper of Vehumet
  2076 | D:3      | Noticed Rationalist's ghost (amateur MiBe)
  2441 | D:3      | Reached * piety under Vehumet
  2441 | D:3      | Offered knowledge of Sting by Vehumet.
  2901 | D:3      | Learned a level 2 spell: Passwall
  2905 | D:3      | Learned a level 3 spell: Stone Arrow
  2910 | D:3      | Learned a level 4 spell: Petrify
  2979 | D:4      | Noticed Rationalist's ghost (amateur MiBe)
  3708 | D:4      | Reached skill level 7 in Earth Magic
  4059 | D:4      | Found a snail-covered altar of Cheibriados.
  4060 | D:4      | Found a sparkling altar of Nemelex Xobeh.
  4063 | D:4      | Found an ancient bone altar of Kikubaaqudgha.
  4121 | D:4      | Found a basalt altar of Yredelemnul.
  4123 | D:4      | Found a bloodstained altar of Trog.
  4125 | D:4      | Found a shimmering altar of Xom.
  4273 | D:4      | Reached XP level 7. HP: 21/36 MP: 7/13
  4420 | D:4      | Got an ancient ring mail
  4439 | D:4      | Identified the cursed +0 ring mail "Giarchuz" {*Corrode rC- Regen+ Slay+5} (You found it on level 4 of the Dungeon)
  4583 | D:4      | Offered knowledge of Magic Dart by Vehumet.
  4591 | D:4      | Reached ** piety under Vehumet
  4730 | D:4      | Learned a level 5 spell: Lee's Rapid Deconstruction
  4893 | D:5      | Entered Level 5 of the Dungeon
  4910 | D:5      | Found an ancient bone altar of Kikubaaqudgha.
  4913 | D:5      | Noticed a human
  4915 | D:5      | Killed a human
  4974 | D:5      | Reached skill level 8 in Earth Magic
  5047 | D:5      | Reached skill level 5 in Spellcasting
  5268 | D:5      | Reached XP level 8. HP: 37/41 MP: 8/15
  5390 | D:6      | Reached skill level 9 in Earth Magic
  5718 | D:6      | Offered knowledge of Throw Flame by Vehumet.
  5740 | D:6      | Found a staircase to the Ecumenical Temple.
  5818 | D:6      | Slain by an orc warrior

Skill      XL: |  1  2  3  4  5  6  7  8 |
---------------+-------------------------+-----
Earth Magic    | 4 5 6 7 8 9 |  9.7
Spellcasting   | 3 4 5 |  5.7
Dodging        | 2 |  2.3
Armour         | |  0.2
Stealth        | |  2.1
Conjurations   | |  0.2
Transmutations | |  0.7

Action                   |  1- 3 |  4- 6 |  7- 9 || total
-------------------------+-------+-------+-------++-------
Melee: Unarmed           |       |     9 |       ||     9
       Whip              |       |       |    14 ||    14
 Cast: Sandblast         |    57 |   150 |   115 ||   322
       Stone Arrow       |       |     2 |     1 ||     3
  Use: Scroll            |       |       |     6 ||     6
       Potion            |       |       |     1 ||     1
  Eat: Chunk             |     1 |     9 |     5 ||    15
Armor: Robe              |     7 |    38 |    33 ||    78
       Ring mail         |       |       |     4 ||     4
Dodge: Dodged            |    13 |    75 |    62 ||   150
